 Dungeon Crawl Stone Soup version 0.23.2-1-ga50397a6bc (webtiles) character file.

Game seed: 2870663662277665377

84290 BorisKarlOrff the Severer (level 15, -6/143 HPs)
             Began as a Minotaur Chaos Knight on May 28, 2019.
             Was a Plaything of Xom.
             Killed from afar by Roxanne (26 damage)
             ... with a bolt of magma
             ... on level 2 of the Swamp on May 29, 2019.
             The game lasted 01:22:20 (22054 turns).

BorisKarlOrff the Severer (Minotaur Chaos Knight)  Turns: 22054, Time: 01:22:21

Health: -6/143     AC: 35    Str: 24    XL:     15   Next: 34%
Magic:  14/14      EV: 10    Int:  9    God:    Xom [...*..]
Gold:   1371       SH:  0    Dex: 18    Spells: 14/14 levels left

rFire    x . .     SeeInvis .   V - +3 executioner's axe (elec)
rCold    + + +     Gourm    .   (shield currently unavailable)
rNeg     . . .     Faith    .   D - +3 plate armour {rPois}
rPois    +         Spirit   .   (helmet unavailable)
rElec    .         Reflect  .   r - +2 cloak
rCorr    .         Harm     +   k - +1 pair of gloves {archery}
MR       ++...                  E - +2 pair of boots
Stlth    ..........             R - amulet of harm
HPRegen  0.33/turn              o - ring of ice
MPRegen  0.14/turn              x - +5 ring of dexterity

@: very slow
A: retaliatory headbutt, hooves 1, horns 3, rugged brown scales 1, slimy green
scales 1, thin metallic scales 1, camouflage 1, agile 1, cold resistance 2,
magic resistance 1, mutation resistance 1, sense surroundings 1, poison
resistance, shaggy fur 1, strong 1, wild magic 1, MP-powered wands
a: Renounce Religion


You were on level 2 of the Swamp.
You worshipped Xom.
You were a favourite toy of Xom.
You were full.

You visited 5 branches of the dungeon, and saw 25 of its levels.
You also visited: Ossuary.

You collected 2535 gold pieces.
You spent 1164 gold pieces at shops.

Inventory:

Hand Weapons
 a - a +3 spear of chaos
 b - a +5 war axe of freezing
 P - a +0 broad axe of chopping
 U - a +0 war axe of draining
 V - a +3 executioner's axe of electrocution (weapon)
Armour
 k - a +1 pair of gloves of archery (worn)
 r - a +2 cloak (worn)
 z - a +0 shield
 D - a +3 plate armour of poison resistance (worn)
 E - a +2 pair of boots (worn)
 X - a +2 hat
Jewellery
 o - a ring of ice (left hand)
 t - an uncursed ring of positive energy
 u - an uncursed amulet of the gourmand
 v - an uncursed ring of flight
 w - an uncursed ring of protection from cold
 x - a +5 ring of dexterity (right hand)
 A - an uncursed amulet of regeneration
 C - an uncursed ring of fire
 F - an uncursed amulet of guardian spirit
 J - an uncursed ring of resist corrosion
 N - an uncursed amulet of the acrobat
 R - an amulet of harm (around neck)
 W - an uncursed ring of positive energy
Wands
 d - a wand of flame (78)
 f - a wand of random effects (83)
 y - a wand of iceblast (43)
 Z - a wand of acid (5)
Scrolls
 c - 6 scrolls of fear
 g - 15 scrolls of remove curse
 h - 12 scrolls of teleportation
 l - 2 scrolls of immolation
 s - 3 scrolls of magic mapping
 G - 2 scrolls of holy word
 L - 3 scrolls of vulnerability
 M - 5 scrolls of silence
 S - a scroll of amnesia
 Y - a scroll of identify
Potions
 e - 2 potions of resistance
 i - 3 potions of lignification
 j - 4 potions of flight
 m - 2 potions of cancellation
 n - 3 potions of haste
 p - 3 potions of might
 q - a potion of brilliance
 H - 2 potions of curing
 I - 3 potions of agility
 K - 2 potions of magic
 O - a potion of ambrosia
 Q - a potion of invisibility
 T - a potion of mutation {unknown}
Comestibles
 B - 17 rations


   Skills:
 + Level 14.4 Fighting
 + Level 16.4(17.8) Axes
 + Level 12.4(15.9) Polearms
 + Level 14.6 Armour
 + Level 4.3 Dodging
 + Level 6.0 Stealth
 + Level 11.9 Shields


You had 14 spell levels left.
You didn't know any spells.
Your spell library contained the following spells:

 Spells                   Type           Power        Failure   Level  Hunger
 Blink                    Tloc           N/A          99%         2    ###....
 Shroud of Golubria       Chrm/Tloc      #.........   99%         2    ###....
 Gell's Gravitas          Tloc           #.........   100%        3    ####...
 Lesser Beckoning         Tloc           #.........   100%        3    ####...
 Teleport Other           Tloc           #.......     100%        3    ####...
 Passage of Golubria      Tloc           N/A          100%        4    #####..


Dungeon Overview and Level Annotations

Branches:
Dungeon (15/15)            Temple (0/1) D:4            Lair (5/6) D:9
  Swamp (2/4) Lair:2       Spider (1/4) Lair:4        Slime (0/5) Lair:5
    Orc (2/2) D:12            Elf (0/3) Orc:2        Vaults (0/5) D:13
 Depths (0/5) D:15

Altars:
Trog
Xom
Yredelemnul
The Shining One
Beogh
Jiyva

Shops:
D:7 (?   D:10 [   D:11 :   D:14 *   Orc:1 [   Orc:2 ([}!*

Annotations:
Swamp:2 exclusion: Roxanne, Roxanne


Innate Abilities, Weirdness & Mutations

You reflexively headbutt those who attack you in melee.
You have a pair of large horns on your head.
You have large cloven feet.
You are partially covered in rugged brown scales. (AC +1, +3% HP)
You are partially covered in slimy green scales. (AC +2)
You are partially covered in thin metallic scales. (AC +2)
Your skin changes colour to match your surroundings (Stealth+).
You are agile. (Dex +2)
Your flesh is very cold resistant. (rC++)
You are resistant to hostile enchantments. (MR+)
You are somewhat resistant to further mutation.
You passively map a small area around you.
Your system is resistant to poisons. (rPois)
You are covered in fur. (AC +1)
Your muscles are strong. (Str +2)
Your spells are a little harder to cast, but a little more powerful.
You expend magic power (3 MP) to strengthen your wands.


Message History

Marking area around Roxanne as unsafe for travelling.
Roxanne, Geomancer Emeritus comes into view.
Unknown command.
Wield which item (- for none, * to show all)? (? for menu, Esc to quit)
You hear the crackle of electricity.
V - a +3 executioner's axe of electrocution (weapon)
Xom titters.
You enter the shallow water.
Moving in this stuff is going to be slow.
Roxanne mumbles some strange words.
You blink.
You enter the shallow water.
Moving in this stuff is going to be slow.
Roxanne casts a spell.
The iron shot hits you!!!
* * * LOW HITPOINT WARNING * * *
Roxanne mumbles some strange words.
The bolt of magma hits you!! The lava burns you terribly!
You die...
Xom laughs nastily!

...≈≈...♣≈.≈≈≈≈..≈....≈♣♣♣
.♣.......≈≈.≈≈≈....≈≈§.≈≈♣
♣..≈≈..≈.≈♣.≈≈≈≈≈..≈≈≈...♣
.♣≈.≈≈≈≈≈.≈♣≈≈≈≈≈.≈≈≈≈.≈.♣
.♣♣♣..≈≈≈.≈♣♣.≈♣^[(§♣♣♣♣♣♣
* ♣≈♣≈...♣.≈≈.♣.≈.♣♣♣♣. *
♣♣♣♣♣≈♣♣.≈≈.........≈
♣♣≈≈≈≈...≈.8....≈ *
≈≈≈.♣..@...≈≈.≈ ≈ ≈ ...
♣♣♣.♣♣.≈≈≈., ≈ , ≈ ♣♣* ♣♣♣
≈≈≈.., * .... * * * ≈≈≈≈ *
§.≈≈ * , * , ∆ ≈≈


You could see Roxanne.

Vanquished Creatures
  An azure jelly (Orc:1)
  2 orc warlords
  Azrael (D:15)
  Snorg (Orc:1)
  6 hydras
  A vault guard (D:13)
  A centaur warrior (D:14)
  Erica (D:8)
  4 two-headed ogres
  6 death yaks (Lair:4)
  9 alligators
  3 wizards
  A swamp dragon (Swamp:2)
  A necromancer (D:15)
  6 orc knights
  An orb spider (Spider:1)
  5 orc sorcerers
  An orb spider (shapeshifter) (D:10)
  14 ugly things
  3 wolf spiders
  2 deep elf magi
  A cyclops (D:14)
  A moth of wrath (Spider:1)
  2 black mambas (Lair:4)
  9 spiny frogs
  A freezing wraith (D:15)
  2 kobold demonologists (D:15)
  A yaktaur (D:13)
  5 komodo dragons
  2 rime drakes
  A demonic crawler (Lair:4)
  A tengu conjurer (D:14)
  A jumping spider (Spider:1)
  Grinder (D:4)
  7 trolls
  4 tyrant leeches
  4 bog bodies
  3 meliai (D:13)
  A harpy skeleton (D:15)
  9 blink frogs
  A meliai zombie (D:15)
  4 hippogriffs
  7 slime creatures
  4 shadows
  Sigmund (D:5)
  5 wraiths
  A wyvern (shapeshifter) (D:10)
  29 yaks
  A human (D:13)
  4 wyverns
  A spriggan (shapeshifter) (Orc:2)
  3 hungry ghosts
  Eustachio (D:5)
  5 fire elementals (D:15)
  6 basilisks
  7 vampire mosquitoes
  7 swamp worms
  3 wargs
  4 insubstantial wisps (Swamp:1)
  6 water moccasins
  15 porcupines
  3 hell hounds (D:15)
  A floating eye (shapeshifter) (Spider:1)
  30 orc warriors
  2 swamp drakes (Swamp:1)
  2 black bears (D:9)
  4 sky beasts
  4 ice beasts
  3 necrophages
  3 ogres
  5 wolves
  3 centaurs
  9 crocodiles
  17 bullfrogs
  A gnoll sergeant (D:9)
  2 water moccasin zombies (Ossuary)
  5 scorpions
  A wyvern skeleton (D:10)
  12 killer bees
  A water moccasin skeleton (D:6)
  8 wights
  2 electric eels (Lair:2)
  3 howler monkeys
  5 crimson imps
  3 bullfrog zombies
  3 hounds
  3 quasits
  19 orc priests
  8 centaur zombies
  10 centaur skeletons
  5 jellies
  2 bullfrog skeletons
  4 iguanas
  Natasha (twice) (D:3)
  19 orc wizards
  Ijyb (D:4)
  16 worker ants
  4 big kobold zombies (Ossuary)
  2 hound skeletons
  2 mummies (Ossuary)
  20 adders
  21 gnolls
  2 shadow imps
  2 oozes (D:1)
  2 adder zombies (Ossuary)
  5 worms
  5 leopard geckos
  84 orcs
  3 ball pythons
  5 bats
  5 giant cockroaches
  2 gnoll zombies (Ossuary)
  9 hobgoblins
  4 jackals (D:7)
  4 quokkas
  3 frilled lizards
  9 goblins
  5 hobgoblin zombies (Ossuary)
  7 kobolds
  4 kobold zombies (Ossuary)
  8 orc zombies (Ossuary)
  6 rats
  2 fungi (Lair:2)
  2 plants
689 creatures vanquished.

Vanquished Creatures (collateral kills)
  Josephine (D:11)
  A spiny frog (Lair:4)
  5 blink frogs (Lair:4)
  A wraith (D:11)
  A water moccasin (D:11)
  2 scorpions (Lair:4)
  A jelly (D:8)
  5 gnolls (D:3)
  A worm (Lair:4)
  A giant cockroach (Lair:4)
  A hobgoblin (D:3)
  A kobold (D:3)
  A bat (D:3)
  A frilled lizard (D:3)
23 creatures vanquished.

Vanquished Creatures (others)
  An unseen horror (D:10)
  5 dream sheep (Lair:5)
  A bush (Lair:5)
  41 fungi
  36 plants
84 creatures vanquished.

Grand Total: 796 creatures vanquished

Notes
Turn   | Place    | Note
-------+----------+-------------------------------------------
     0 | D:1      | BorisKarlOrff the Minotaur Chaos Knight began the quest for
                  | the Orb.
     0 | D:1      | Reached XP level 1. HP: 19/19 MP: 0/0
   113 | D:1      | Reached XP level 2. HP: 25/27 MP: 1/1
   223 | D:1      | XOM: potion effect (invisibility)
   318 | D:1      | XOM: silly message
   392 | D:1      | XOM: silly message
   582 | D:1      | Reached XP level 3. HP: 33/33 MP: 2/2
   879 | D:1      | XOM: silly message
   959 | D:1      | XOM: divination: magic mapping
  1051 | D:2      | XOM: cloud trail
  1064 | D:2      | XOM: harmless Summ miscast
  1135 | D:2      | Reached XP level 4. HP: 34/41 MP: 3/3
  1219 | D:2      | XOM: polymorph rat -> kobold
  1244 | D:2      | XOM: enchant monster (good)
  1550 | D:3      | XOM: summons 3 friendly demons
  1552 | D:3      | Reached skill level 5 in Polearms
  1634 | D:3      | Noticed Sigmund
  1637 | D:3      | XOM: summons 3 friendly demons
  1652 | D:3      | Reached XP level 5. HP: 37/47 MP: 4/4
  2111 | D:3      | XOM: harmless Summ miscast
  2221 | D:3      | Reached XP level 6. HP: 34/55 MP: 5/5
  2269 | D:3      | Noticed Natasha
  2283 | D:3      | Killed Natasha
  2351 | D:3      | Noticed Natasha
  2360 | D:3      | Killed Natasha
  2360 | D:3      | Reached skill level 5 in Fighting
  2377 | D:3      | XOM: harmless Summ miscast
  2460 | D:4      | Reached skill level 1 in Stealth
  2474 | D:4      | XOM: potion effect (agility)
  2598 | D:4      | Noticed Grinder
  2599 | D:4      | Found a sand-covered staircase.
  2604 | Ossuary  | Entered an ossuary
  2614 | Ossuary  | XOM: potion effect (might)
  2615 | Ossuary  | XOM: potion effect (brilliance)
  2616 | Ossuary  | Reached skill level 5 in Armour
  2806 | Ossuary  | Reached XP level 7. HP: 59/61 MP: 6/6
  2970 | D:4      | XOM: harmless Summ miscast
  2977 | D:4      | Killed Grinder
  3216 | D:4      | Noticed Ijyb
  3218 | D:4      | XOM: potion effect (brilliance)
  3226 | D:4      | XOM: harmless Erth miscast
  3233 | D:4      | Killed Ijyb
  3289 | D:4      | XOM: silly message
  3311 | D:4      | Found a staircase to the Ecumenical Temple.
  3428 | D:4      | XOM: harmless Tmut miscast
  3429 | D:4      | Reached XP level 8. HP: 70/70 MP: 7/7
  3468 | D:4      | XOM: potion effect (invisibility)
  3529 | D:5      | Entered Level 5 of the Dungeon
  3565 | D:5      | Noticed Eustachio
  3582 | D:5      | Killed Eustachio
  3708 | D:5      | XOM: cloud trail
  3829 | D:5      | Found a bloodstained altar of Trog.
  3969 | D:5      | Killed Sigmund
  4569 | D:6      | XOM: confuse monster(s)
  4743 | D:6      | XOM: medium Fire miscast
  4764 | D:6      | XOM: divination: magic mapping
  4768 | D:6      | XOM: divination: detect creatures
  5048 | D:6      | XOM: silly message
  5125 | D:7      | XOM: cast spell 'Summon Small Mammal'
  5255 | D:7      | Reached XP level 9. HP: 67/78 MP: 8/8
  5380 | D:7      | XOM: medium Fire miscast
  5460 | D:7      | XOM: summons 2 hostile shadow creatures
  5540 | D:7      | Found Velui's Magic Scroll Shop.
  5548 | D:7      | Bought a scroll of enchant weapon for 120 gold pieces
  5640 | D:7      | XOM: medium Air miscast
  5680 | D:7      | XOM: medium Fire miscast
  5705 | D:7      | XOM: harmless Tloc miscast
  5732 | D:7      | XOM: mild Hex miscast
  5865 | D:7      | XOM: silly message
  6047 | D:7      | Found Boamn's Weapon Boutique.
  6123 | D:8      | Noticed Erica
  6123 | D:8      | XOM: summons friendly ufetubus
  6128 | D:8      | XOM: fog
  6129 | D:8      | XOM: potion effect (berserk rage)
  6135 | D:8      | Killed Erica
  6135 | D:8      | Reached skill level 10 in Polearms
  6188 | D:8      | XOM: scenery: 1 doors open, 1 doors close
  6269 | D:8      | Found a basalt altar of Yredelemnul.
  6274 | D:8      | XOM: scenery: 1 doors close
  6862 | D:9      | XOM: cleaving
  6889 | D:9      | XOM: god gift: 11 stones
  6914 | D:9      | XOM: god gift: twisted steel amulet {god gift}
  6936 | D:9      | Reached XP level 10. HP: 21/88 MP: 9/9
  6941 | D:9      | XOM: harmless Summ miscast
  6963 | D:9      | XOM: divination: detect creatures
  6968 | D:9      | XOM: potion effect (might)
  7184 | D:9      | Found a staircase to the Lair.
  7198 | D:9      | XOM: 8-stop teleportation journey
  7213 | D:9      | XOM: harmless Necr miscast
  7232 | D:9      | Reached skill level 10 in Armour
  7239 | D:9      | Reached skill level 1 in Shields
  7404 | D:9      | XOM: summons 5 hostile demons
  7500 | D:9      | Found a glowing golden altar of the Shining One.
  7812 | D:9      | XOM: confuse monster(s)
  7860 | D:9      | XOM: scenery: create altars
  8276 | D:10     | Entered Level 10 of the Dungeon
  8308 | D:9      | Reached skill level 5 in Stealth
  8313 | D:9      | XOM: god gift: onyx ring {god gift}
  8409 | D:10     | Killed an unseen horror
  8409 | D:10     | XOM: divine lightning
  8476 | D:10     | Noticed a deep elf mage
  8497 | D:10     | XOM: fake destruction
  8508 | D:10     | Killed a deep elf mage
  8542 | D:10     | Reached XP level 11. HP: 97/97 MP: 10/10
  8563 | D:10     | XOM: enchant monster (good)
  8580 | D:10     | XOM: cast spell 'Necromutation'
  8596 | D:10     | XOM: fog
  8623 | D:10     | Found Ecedudd's Armour Shop.
  8631 | D:10     | Bought a +2 cloak for 198 gold pieces
  8631 | D:10     | Bought a +0 pair of boots for 54 gold pieces
  8713 | D:10     | Noticed an orb spider
  8713 | D:10     | a shapeshifter changed into an orb spider
  8721 | D:10     | Killed an orb spider
  8788 | D:10     | XOM: cloud trail
  9014 | D:11     | XOM: summons 6 friendly demons
  9028 | D:11     | Noticed Josephine
  9034 | D:11     | Killed Josephine
  9034 | D:11     | Reached skill level 5 in Shields
  9059 | D:11     | Reached skill level 1 in Axes
  9177 | D:11     | Found Waroa's Book Shoppe.
  9189 | D:11     | XOM: harmless Air miscast
  9317 | D:11     | Reached skill level 2 in Axes
  9387 | D:11     | Reached skill level 3 in Axes
  9464 | D:11     | XOM: give mutations
  9464 | D:11     | Gained mutation: Your system is resistant to poisons.
                  | (rPois) [Xom's grace]
  9464 | D:11     | Gained mutation: You are agile. (Dex +2) [Xom's grace]
  9464 | D:11     | Gained mutation: You are resistant to hostile enchantments.
                  | (MR+) [Xom's grace]
  9464 | D:11     | Gained mutation: Your spells are a little harder to cast,
                  | but a little more powerful. [Xom's grace]
  9767 | D:10     | XOM: repel stairs
  9843 | D:10     | XOM: give mutations
  9843 | D:10     | Gained mutation: You are dopey. (Int -2) [Xom's mischief]
  9843 | D:10     | Lost mutation: You are agile. (Dex +2) [Xom's mischief]
  9846 | D:10     | Got an ichor-stained hand axe
  9847 | D:10     | Identified the +2 hand axe of Madeic {elec, *Corrode rN+
                  | MR+} (You found it on level 10 of the Dungeon)
 10227 | D:12     | Reached skill level 4 in Axes
 10236 | D:12     | XOM: blink monster(s)
 10459 | D:12     | XOM: confusion
 10461 | D:12     | XOM: mild Ice miscast
 10479 | D:12     | Reached skill level 5 in Axes
 10513 | D:12     | Noticed a red ugly thing
 10523 | D:12     | Killed a red ugly thing
 10645 | D:12     | Reached skill level 6 in Axes
 10818 | D:12     | Found a staircase to the Orcish Mines.
 10984 | Lair:1   | Entered Level 1 of the Lair of Beasts
 11014 | Lair:1   | Reached skill level 10 in Fighting
 11037 | Lair:1   | XOM: harmless Air miscast
 11052 | Lair:1   | Noticed a wolf spider
 11065 | Lair:1   | XOM: potion effect (might)
 11067 | Lair:1   | XOM: potion effect (agility)
 11069 | Lair:1   | Reached skill level 7 in Axes
 11071 | Lair:1   | XOM: harmless Necr miscast
 11082 | Lair:1   | XOM: divination: magic mapping
 11088 | Lair:1   | XOM: cast spell 'Metabolic Englaciation'
 11091 | Lair:1   | XOM: fog
 11099 | Lair:1   | Killed a wolf spider
 11106 | Lair:1   | Reached XP level 12. HP: 101/106 MP: 11/11
 11239 | Lair:1   | XOM: give mutations
 11239 | Lair:1   | Lost mutation: You are dopey. (Int -2) [Xom's grace]
 11239 | Lair:1   | Gained mutation: You are partially covered in rugged brown
                  | scales. (AC +1, +3% HP) [Xom's grace]
 11338 | Lair:1   | Reached skill level 8 in Axes
 11404 | Lair:1   | XOM: cloud trail
 11900 | Lair:2   | Noticed Prince Ribbit
 11907 | Lair:2   | XOM: smoke on damage
 11912 | Lair:2   | XOM: smoke on damage
 11916 | Lair:2   | XOM: enchant monster (good)
 11918 | Lair:2   | Noticed Prince Ribbit
 11918 | Lair:2   | Prince Ribbit changed into Prince Ribbit the water moccasin
 11918 | Lair:2   | XOM: polymorph Prince Ribbit -> Prince Ribbit the water
                  | moccasin
 11921 | Lair:2   | Killed Prince Ribbit the water moccasin
 11935 | Lair:2   | XOM: cast spell 'Disjunction'
 11949 | Lair:2   | Reached skill level 9 in Axes
 11977 | Lair:2   | XOM: enchant monster (good)
 12185 | Lair:2   | Reached skill level 10 in Axes
 12223 | Lair:2   | XOM: god gift: weird glowing staff {god gift}
 12471 | Lair:2   | XOM: scenery: create altars
 12587 | Lair:2   | XOM: give mutations
 12587 | Lair:2   | Gained mutation: You are partially covered in slimy green
                  | scales. (AC +2) [Xom's grace]
 12587 | Lair:2   | Gained mutation: You are highly resistant to hostile
                  | enchantments. (MR++) [Xom's grace]
 12587 | Lair:2   | Gained mutation: You are partially covered in thin metallic
                  | scales. (AC +2) [Xom's grace]
 12648 | Lair:2   | Found a staircase to the Swamp.
 12783 | Lair:3   | XOM: polymorph wolf -> scorpion
 12818 | Lair:3   | XOM: 1-stop teleportation journey
 12979 | Lair:3   | Reached skill level 11 in Axes
 13356 | Lair:3   | XOM: give mutations
 13356 | Lair:3   | Gained mutation: You expend magic power (3 MP) to
                  | strengthen your wands. [Xom's grace]
 13356 | Lair:3   | Gained mutation: Your skin changes colour to match your
                  | surroundings (Stealth+). [Xom's grace]
 13356 | Lair:3   | Gained mutation: You are covered in fur. (AC +1) [Xom's
                  | grace]
 13356 | Lair:3   | Gained mutation: You have large cloven feet. [Xom's grace]
 13421 | Lair:3   | XOM: god gift: scroll of enchant armour
 13604 | Lair:4   | Found a hole to the Spider Nest.
 13617 | Lair:4   | XOM: summons 4 friendly demons
 13625 | Lair:4   | XOM: cast spell 'Monstrous Menagerie'
 13638 | Lair:4   | XOM: confuse monster(s)
 13653 | Lair:4   | XOM: mild Erth miscast
 13684 | Lair:4   | XOM: cast spell 'Olgreb's Toxic Radiance'
 13697 | Lair:4   | XOM: potion effect (agility)
 13849 | Lair:4   | Noticed a death yak
 13849 | Lair:4   | Noticed a death yak
 13849 | Lair:4   | Noticed a death yak
 13850 | Lair:4   | Noticed a death yak
 13850 | Lair:4   | Noticed a death yak
 13850 | Lair:4   | Noticed a death yak
 13859 | Lair:4   | XOM: harmless Erth miscast
 13860 | Lair:4   | XOM: harmless Erth miscast
 13861 | Lair:4   | XOM: divination: magic mapping
 13864 | Lair:4   | Killed a death yak
 13864 | Lair:4   | Reached XP level 13. HP: 105/119 MP: 12/12
 13866 | Lair:4   | XOM: harmless Hex miscast
 13870 | Lair:4   | XOM: mild Chrm miscast
 13881 | Lair:4   | Reached skill level 12 in Axes
 13926 | Lair:4   | XOM: divination: detect items
 14116 | Lair:4   | XOM: mild Pois miscast
 14178 | Lair:4   | XOM: confuse monster(s)
 14340 | Lair:4   | XOM: cloud trail
 14350 | Lair:4   | XOM: god gift: 35 gold pieces
 14416 | Lair:5   | XOM: potion effect (agility)
 14511 | Lair:5   | Found a staircase to the Slime Pits.
 14511 | Lair:5   | Found a viscous altar of Jiyva.
 14517 | Lair:5   | XOM: cloud trail
 14879 | Lair:5   | XOM: harmless Chrm miscast
 14939 | Lair:5   | Found a shimmering altar of Xom.
 15074 | Lair:5   | XOM: give mutations
 15074 | Lair:5   | Lost mutation: You are highly resistant to hostile
                  | enchantments. (MR++) [Xom's mischief]
 15152 | Lair:5   | XOM: god gift: 27 gold pieces
 15300 | D:11     | XOM: harmless Conj miscast
 15326 | Orc:1    | Entered Level 1 of the Orcish Mines
 15355 | Orc:1    | XOM: cast spell 'Summon Ice Beast'
 15371 | Orc:1    | XOM: harmless Ice miscast
 15429 | Orc:1    | Noticed Snorg
 15433 | Orc:1    | XOM: potion effect (might)
 15440 | Orc:1    | Killed Snorg
 15465 | Orc:1    | Found Udimpiz's Armour Emporium.
 15468 | Orc:1    | Bought a +3 plate armour of poison resistance for 420 gold
                  | pieces
 15526 | Orc:1    | Noticed Jorgrun
 15531 | Orc:1    | XOM: confuse monster(s)
 15535 | Orc:1    | XOM: cleaving
 15545 | Orc:1    | Noticed Jorgrun
 15545 | Orc:1    | Jorgrun changed into Jorgrun the azure jelly
 15545 | Orc:1    | XOM: polymorph Jorgrun -> Jorgrun the azure jelly
 15546 | Orc:1    | XOM: fog
 15550 | Orc:1    | XOM: cleaving
 15555 | Orc:1    | Killed Jorgrun the azure jelly
 15585 | Orc:1    | Noticed an orc warlord
 15589 | Orc:1    | XOM: cleaving
 15596 | Orc:1    | XOM: confuse monster(s)
 15599 | Orc:1    | Killed an orc warlord
 15599 | Orc:1    | Reached skill level 13 in Axes
 15752 | Orc:1    | XOM: divination: magic mapping
 15793 | Orc:2    | Entered Level 2 of the Orcish Mines
 15862 | Orc:1    | XOM: give mutation
 15862 | Orc:1    | Gained mutation: You have a pair of large horns on your
                  | head. [Xom's grace]
 15909 | Orc:2    | Found a staircase to the Elven Halls.
 15915 | Orc:2    | Found a roughly hewn altar of Beogh.
 15933 | Orc:2    | Found a roughly hewn altar of Beogh.
 15934 | Orc:2    | Found Bieziwne's General Store.
 15969 | Orc:2    | XOM: 1-stop teleportation journey
 15980 | Orc:2    | XOM: potion effect (might)
 16066 | Orc:2    | Found Bitij's Gadget Shop.
 16189 | Orc:2    | Found a roughly hewn altar of Beogh.
 16255 | Orc:2    | Found a roughly hewn altar of Beogh.
 16255 | Orc:2    | XOM: divination: detect items
 16258 | Orc:2    | XOM: polymorph something unseen -> shapeshifter
 16260 | Orc:2    | Found Zitzukau's Distillery.
 16279 | Orc:2    | Bought a potion of heal wounds for 80 gold pieces
 16279 | Orc:2    | Bought a potion of might for 64 gold pieces
 16279 | Orc:2    | Bought a potion of curing for 48 gold pieces
 16313 | Orc:2    | XOM: harmless Hex miscast
 16314 | Orc:2    | XOM: cloud trail
 16356 | Orc:2    | Found a roughly hewn altar of Beogh.
 16436 | Orc:2    | XOM: harmless Tloc miscast
 16439 | Orc:2    | Noticed an orc warlord
 16450 | Orc:2    | XOM: confuse monster(s)
 16453 | Orc:2    | XOM: summons 2 friendly demons
 16467 | Orc:2    | Killed an orc warlord
 16523 | Orc:2    | XOM: cleaving
 16535 | Orc:2    | XOM: cast spell 'Cause Fear'
 16601 | Orc:2    | XOM: god gift: 14 gold pieces
 16605 | Orc:2    | Found Ysoon's Antique Armour Shop.
 16606 | Orc:2    | Found a roughly hewn altar of Beogh.
 16607 | Orc:2    | Found Fonakoiq's Antique Weapon Boutique.
 16614 | Orc:2    | Bought a pair of runed gloves for 180 gold pieces
 16652 | Orc:2    | Found a roughly hewn altar of Beogh.
 16705 | Orc:2    | Found a roughly hewn altar of Beogh.
 16970 | D:9      | XOM: scenery: create altars
 17056 | Spider:1 | Entered Level 1 of the Spider Nest
 17059 | Spider:1 | XOM: polymorph wolf spider -> glowing shapeshifter
 17072 | Spider:1 | XOM: god gift: scroll of vulnerability
 17082 | Spider:1 | Reached skill level 10 in Shields
 17082 | Spider:1 | Reached XP level 14. HP: 78/130 MP: 13/13
 17102 | Spider:1 | XOM: confuse monster(s)
 17104 | Spider:1 | XOM: enchant monster (good)
 17325 | Lair:4   | XOM: medium Hex miscast
 17447 | Spider:1 | XOM: harmless Chrm miscast
 17570 | D:10     | XOM: give mutations
 17570 | D:10     | Gained mutation: Your flesh is cold resistant. (rC+) [Xom's
                  | grace]
 17570 | D:10     | Gained mutation: You passively map a small area around you.
                  | [Xom's grace]
 17570 | D:10     | Gained mutation: You are somewhat resistant to further
                  | mutation. [Xom's grace]
 17570 | D:10     | Gained mutation: You possess an exceptional clarity of
                  | mind. [Xom's grace]
 17701 | D:13     | XOM: scenery: create altars
 17705 | D:13     | XOM: summons friendly quasit
 17709 | D:13     | XOM: polymorph iguana -> hound
 18026 | D:13     | XOM: scenery: 1 doors open, 1 doors close
 18095 | D:13     | XOM: confuse monster(s)
 18110 | D:13     | XOM: fog
 18186 | D:13     | XOM: give mutations
 18186 | D:13     | Gained mutation: Your flesh is very cold resistant. (rC++)
                  | [Xom's grace]
 18186 | D:13     | Gained mutation: You are robust. (+10% HP) [Xom's grace]
 18186 | D:13     | Gained mutation: Your muscles are strong. (Str +2) [Xom's
                  | grace]
 18186 | D:13     | Gained mutation: You are agile. (Dex +2) [Xom's grace]
 18209 | D:13     | XOM: polymorph red ugly thing -> brown ugly thing
 18260 | D:13     | Reached skill level 14 in Axes
 18362 | D:13     | XOM: 3-stop teleportation journey
 18382 | D:13     | Found a gate to the Vaults.
 18440 | D:13     | XOM: god gift: 13 gold pieces
 18563 | D:13     | XOM: summons 3 friendly demons
 18568 | D:13     | XOM: polymorph quasit -> iron imp
 18723 | D:14     | XOM: stealth player
 18982 | D:14     | XOM: confuse monster(s)
 19053 | D:14     | XOM: 9-stop teleportation journey
 19117 | D:14     | XOM: confuse monster(s)
 19137 | D:14     | XOM: polymorph cyan ugly thing -> green ugly thing
 19160 | D:14     | XOM: summons friendly crimson imp
 19167 | D:14     | XOM: swap monsters
 19169 | D:14     | Reached skill level 15 in Axes
 19209 | D:14     | Found Bech's General Store.
 19744 | D:15     | Entered Level 15 of the Dungeon
 19790 | D:15     | Noticed Azrael
 19821 | D:15     | XOM: mild Necr miscast
 19834 | D:15     | Killed Azrael
 20021 | D:15     | XOM: give mutations
 20021 | D:15     | Lost mutation: You are robust. (+10% HP) [Xom's mischief]
 20021 | D:15     | Lost mutation: You possess an exceptional clarity of mind.
                  | [Xom's mischief]
 20134 | D:15     | XOM: enchant monster (good)
 20147 | D:15     | XOM: fog
 20200 | D:15     | Identified a scroll of acquirement
 20264 | D:15     | XOM: scenery: 2 doors open
 20407 | D:15     | XOM: harmless Air miscast
 20451 | D:15     | XOM: potion effect (haste)
 20592 | D:15     | XOM: harmless Erth miscast
 20624 | D:15     | HP: 4/133 [wizard/bolt of lightning (43)]
 20624 | D:15     | XOM: butterfly on damage
 20625 | D:15     | XOM: potion effect (heal wounds)
 20639 | D:15     | XOM: cast spell 'Cause Fear'
 20652 | D:15     | XOM: summons 2 friendly demons
 20661 | D:15     | Found a staircase to the Depths.
 20701 | D:15     | Reached XP level 15. HP: 77/141 MP: 14/14
 21165 | Swamp:1  | Entered Level 1 of the Swamp
 21167 | Swamp:1  | XOM: fog
 21191 | Swamp:1  | Reached skill level 16 in Axes
 21382 | Swamp:1  | XOM: god gift: runed hat {god gift}
 21834 | Swamp:2  | XOM: fog
 21841 | Swamp:2  | XOM: divination: detect items
 22045 | Swamp:2  | Noticed Roxanne
 22048 | Swamp:2  | XOM: confuse monster(s)
 22054 | Swamp:2  | Killed from afar by Roxanne

Skill      XL: |  1  2  3  4  5  6  7  8  9 10 11 12 13 14 15 |
---------------+----------------------------------------------+-----
Fighting       | 4 5 6 7 9 10 11 12 13 14 | 14.4
Polearms       | 4 5 6 7 9 11 12 | 12.4
Armour         | 3 4 5 6 7 9 11 12 13 14 | 14.6
Dodging        | 2 3 4 |  4.3
Stealth        | 1 2 3 4 5 6 |  6.0
Shields        | 3 6 8 10 11 | 11.9
Axes           | 7 11 13 15 16 | 16.4

Action                   |  1- 3 |  4- 6 |  7- 9 | 10-12 | 13-15 || total
-------------------------+-------+-------+-------+-------+-------++-------
Melee: Spear             |    96 |   172 |   384 |   311 |   118 ||  1081
       Headbutt          |    11 |    33 |    91 |   183 |   225 ||   543
       War axe           |       |       |       |   437 |   703 ||  1140
       Broad axe         |       |       |       |       |     8 ||     8
       Executioner's axe |       |       |       |       |    26 ||    26
Evoke: Wand              |       |       |       |       |     1 ||     1
  Use: Scroll            |     2 |     5 |    13 |    16 |    11 ||    47
       Potion            |       |     2 |     4 |     3 |    11 ||    20
 Stab: Invisible         |     1 |       |     2 |       |       ||     3
       Sleeping          |     1 |       |       |       |     1 ||     2
       Confused          |     1 |       |     2 |     2 |     7 ||    12
       Paralysed         |       |       |     7 |     3 |       ||    10
       Petrifying        |       |       |     1 |       |     1 ||     2
       Petrified         |       |       |     1 |       |       ||     1
       Distracted        |       |       |     1 |     2 |       ||     3
  Eat: Ration            |       |     4 |     2 |     9 |     9 ||    24
Armor: Leather armour    |     7 |       |       |       |       ||     7
       Chain mail        |    34 |    77 |       |       |       ||   111
       Plate armour      |       |    12 |   200 |   408 |   507 ||  1127
       Skin              |       |       |    11 |       |       ||    11
Dodge: Dodged            |    47 |    51 |    95 |   151 |   223 ||   567
Block: Shield            |       |       |     4 |   347 |   459 ||   810
